 Dungeon Sprint DCSS version 0.14-a0-736-g2a71271 (webtiles) character file.

431 Deemzul the Basher (level 6, -1/45 HPs)
             Began as a Formicid Fighter on Nov 7, 2013.
             Was an Initiate of Trog.
             Succumbed to Sonja's poison
             ... in the Dungeon (Sprint I: "Red Sonja").
             The game lasted 00:03:23 (775 turns).

Deemzul the Basher (Formicid Fighter)                Turns: 775, Time: 00:03:23

HP  -1/45        AC  7     Str 28      XL: 6   Next: 48%
MP   5/5         EV 14     Int  7      God: Trog [......]
Gold 159         SH  0     Dex 10      Spells:  0 memorised,  5 levels left

Res.Fire  : . . .   See Invis. : .   l - +0 giant spiked club
Res.Cold  : . . .   Warding    : .   b - +0 scale mail
Life Prot.: . . .   Conserve   : .   (no shield)
Res.Poison: x       Res.Corr.  : .   (helmet restricted)
Res.Elec. : .       Clarity    : .   (no cloak)
Sust.Abil.: . .     Spirit.Shd : .   (no gloves)
Res.Mut.  : .       Stasis     : +   (no boots)
Res.Rott. : .       Flight     : .   (no amulet)
Saprovore : . . .                    (no ring)
                                     a - +5 ring of evasion

@: invisible, mighty, extremely poisoned, very slightly contaminated, slightly
resistant to hostile enchantments, extremely unstealthy
A: permanent stasis, dig shafts and tunnels, four strong arms, poison weakness,
antennae 1, exoskeleton 1
a: Dig, Burn Spellbooks, Renounce Religion


You were in the Dungeon.
You worshipped Trog.
Trog was noncommittal.
You were not hungry.

You visited 1 branch You collected 255 gold pieces.
You spent 96 gold pieces at shops.

Inventory:

Hand weapons
 l - a +0,+0 giant spiked club (weapon)
Armour
 b - a +0 scale mail (worn)
 c - a +0 shield
Magical devices
 n - a wand of enslavement (13) {unknown}
Comestibles
 d - a bread ration
Scrolls
 j - a scroll of blinking
Jewellery
 a - a +5 ring of evasion (left hand)
Potions
 f - a potion of heal wounds
 g - a potion of speed
 h - 2 potions of magic
 i - a potion of berserk rage


   Skills:
 + Level 7.9 Fighting
 * Level 10.3 Maces & Flails
 - Level 3.6 Armour
   Level 3.0 Shields


You had 5 spell levels left.
You didn't know any spells.

Dungeon Overview and Level Annotations

Branches:
Dungeon (1/1)

Altars:
Elyvilon
Makhleb
Sif Muna
Trog
Xom

Shops:
D !

Annotations:
D Sonja


Innate Abilities, Weirdness & Mutations

Your are under a permanent stasis effect.
You can dig through walls and to a lower floor.
Your four strong arms can wield any weapon, most with a shield.
You are susceptible to poison.
You have a pair of small antennae on your head.
Your body is surrounded by an exoskeleton. (HP +5, AC +1)


Message History

Unknown command.
You feel sick. Sonja hits you but does no damage.
You are more poisoned.
Sonja barely misses you. Sonja completely misses you.
There is an open door here.
You see here a curare-tipped needle.
Unknown command.
You miss Sonja.
* * * LOW HITPOINT WARNING * * *
You feel extremely sick. Sonja closely misses you. Sonja misses you.
Sonja hits you but does no damage. Sonja closely misses you.
You closely miss Sonja.
* * * LOW HITPOINT WARNING * * *
You feel sick. Sonja closely misses you. Sonja barely misses you.
Sonja hits you but does no damage.
You are more poisoned.
Unknown command.
You closely miss Sonja.
You die...

#<<#..+ .# #<.'[.# .+
#..##.##'#####+#
#..###%..#...#.####
#..#_.#.##..##.#≈§§§c
#..#.....##'#..+≈§§.§
#⌠⌠#_.∩.).'.(._#≈≈§§c
###......##_K#'# +##
#..#_._._###@#.#
############.###
+$.$+ #(((# ##(## #+#


You could see Sonja.

Vanquished Creatures
  An elephant slug (D)
  An ogre (D)
  A jelly (D)
  Ijyb (D)
4 creatures vanquished.

Notes
Turn   | Place    | Note
--------------------------------------------------------------
     0 | D        | Deemzul, the Formicid Fighter, began the quest for the Orb.
     0 | D        | Reached XP level 1. HP: 19/19 MP: 0/0
     2 | D        | Noticed Ijyb
    31 | D        | Killed Ijyb
    31 | D        | Reached skill level 4 in Fighting
    31 | D        | Reached XP level 2. HP: 5/25 MP: 1/1
   231 | D        | Found a shimmering altar of Xom.
   231 | D        | Found a deep blue altar of Sif Muna.
   231 | D        | Found a burning altar of Makhleb.
   238 | D        | Noticed an elephant slug
   262 | D        | Found a white marble altar of Elyvilon.
   262 | D        | Found a burning altar of Makhleb.
   262 | D        | Found Cosch's Distillery.
   377 | D        | Killed an elephant slug
   377 | D        | Reached skill level 6 in Fighting
   377 | D        | Reached skill level 8 in Maces & Flails
   377 | D        | Reached XP level 3. HP: 20/29 MP: 2/2
   377 | D        | Reached XP level 4. HP: 24/35 MP: 3/3
   377 | D        | Reached XP level 5. HP: 27/40 MP: 4/4
   391 | D        | Bought a potion of might for 30 gold pieces
   483 | D        | Noticed an ogre
   490 | D        | Killed an ogre
   490 | D        | Reached skill level 10 in Maces & Flails
   490 | D        | Reached XP level 6. HP: 25/45 MP: 5/5
   623 | D        | Found a bloodstained altar of Trog.
   623 | D        | Found a deep blue altar of Sif Muna.
   623 | D        | Noticed a jelly
   631 | D        | Killed a jelly
   666 | D        | Became a worshipper of Trog the Wrathful
   688 | D        | Bought a potion of invisibility for 66 gold pieces
   751 | D        | Noticed a centaur warrior
   751 | D        | Noticed a centaur warrior
   757 | D        | Noticed Sonja
   775 | D        | Succumbed to Sonja's poison

Action                   |  1- 3 |  4- 6 || total
-------------------------+-------+-------++-------
Melee: Mace              |    81 |     8 ||    89
       Giant spiked club |       |     7 ||     7
 Abil: Dig               |     2 |       ||     2
  Use: Potion            |       |     3 ||     3
